 Dungeon Crawl Stone Soup version 0.30-a0-870-gc5d4c5acee (webtiles) character file.

Game seed: 9779880697932819048

734 CowFu the Covered (level 7, 0/57 (59) HPs)
             Began as a Demonspawn Fighter on Mar 11, 2023.
             Was a Believer of Dithmenos.
             Succumbed to Crazy Yiuf's poison
             ... on level 2 of the Dungeon.
             The game lasted 00:07:02 (3695 turns).

CowFu the Covered (Demonspawn Fighter)              Turns: 3695, Time: 00:07:03

HP:   0/57 (59)     AC: 10    Str: 18    XL:     7   Next: 45%
MP:   10/10         EV: 12    Int: 10    God:    Dithmenos [**....]
Gold: 191           SH:  0    Dex: 12    Spells: 6/6 levels left

rFire   . . .      SeeInvis .    a - +0 long sword
rCold   . . .      Faith    .    (no shield)
rNeg    . . .      Spirit   .    b - +0 scale mail
rPois   .          Reflect  .    (no helmet)
rElec   .          Rampage  .    q - +2 cloak {Will+}
rCorr   .                        (no gloves)
Will    ++...                    (no boots)
Stlth   +                        l - amulet of the acrobat
HPRegen 0.29/turn                (no ring)
MPRegen 0.12/turn                (no ring)

@: mighty, lethally poisoned (0 -> -5), wreathed by umbra, lightly drained
A: sturdy frame 2, demonic touch 1, strong-willed 1, robust 1
a: Renounce Religion, Shadow Step


You were on level 2 of the Dungeon.
You worshipped Dithmenos.
Dithmenos was pleased with you.
You visited 1 branch of the dungeon, and saw 5 of its levels.

You collected 191 gold pieces.

Inventory:

Hand Weapons
 a - a +0 long sword (weapon)
Armour
 b - a +0 scale mail (worn)
 c - a +0 buckler
 q - a +2 cloak of willpower (worn)
Jewellery
 l - an amulet of the acrobat (around neck)
Wands
 x - a wand of light (2)
Scrolls
 e - a scroll of vulnerability {unknown}
 h - 6 scrolls of identify {unknown}
 i - 4 scrolls of amnesia {unknown}
 j - 3 scrolls of teleportation {unknown}
 m - 2 scrolls of magic mapping {unknown}
 n - a scroll of enchant weapon {unknown}
 p - a scroll of fear {unknown}
 r - 3 scrolls of enchant armour {unknown}
 u - a scroll of silence {unknown}
 v - a scroll of butterflies {unknown}
 w - a scroll of acquirement {unknown}
Potions
 d - a potion of haste {unknown}
 f - a potion of berserk rage {unknown}
 g - 2 potions of mutation
 k - a potion of heal wounds {unknown}
 o - a potion of attraction {unknown}
 s - a potion of ambrosia {unknown}
 t - 2 potions of lignification {unknown}
 A - a potion of curing {unknown}
 B - a potion of brilliance {unknown}
 C - a potion of cancellation {unknown}


   Skills:
 + Level 4.2 Fighting
 + Level 4.0 Long Blades
 + Level 4.2 Armour
 + Level 3.2 Dodging
 - Level 3.2 Shields
 - Level 4.0 Invocations


You had 6 spell levels left.
You didn't know any spells.
Your spell library contained the following spells:

 Spells                   Type           Power      Damage    Failure   Level
 Magic Dart               Conj           0%         1d3       50%         1
 Call Imp                 Summ           0%         N/A       63%         2
 Mephitic Cloud           Conj/Pois/Air  0%         N/A       86%         3
 Freezing Cloud           Conj/Ice/Air   0%         6-21      100%        5
 Simulacrum               Ice/Necr       0%         N/A       100%        6
 Polar Vortex             Ice            0%         N/A       100%        9


Dungeon Overview and Level Annotations

Branches:
Dungeon (5/15)
 Temple: D:4-7

Altars:
Dithmenos
Okawaru
Wu Jian

Annotations:
D:2 Crazy Yiuf


Innate Abilities, Weirdness & Mutations

Your movements are less encumbered by armour. (ER -4)
Your touch may inflict minor irresistible damage on your foes.
You are strong-willed. (Will+)
You are robust. (+10% HP)


Message History

You open the door.
There is an open door here.
Key pressed, stopping explore.
There is a stone staircase leading down here.
There is an open door here.
Crazy Yiuf shouts!
Could not explore, unopened runed door.
Could not explore, unopened runed door.
Could not explore, unopened runed door.
Could not explore, unopened runed door.
As you open the door, it creaks loudly!
You slash Crazy Yiuf!
You touch Crazy Yiuf.
Crazy Yiuf is almost dead.
Crazy Yiuf says, "Crazy?
Crazy!?
PORCUPINE!"
Crazy Yiuf barely misses you.
You hit Crazy Yiuf but do no damage.
Crazy Yiuf is almost dead.
Crazy Yiuf hits you with a +3 quarterstaff of chaos!
Crazy Yiuf hits you with a +3 quarterstaff of chaos.
You are poisoned.
You hit Crazy Yiuf.
Crazy Yiuf is almost dead.
You feel very sick.
Crazy Yiuf says, "Millenium toodlewoodle action!"
Crazy Yiuf hits you with a +3 quarterstaff of chaos!
Crazy Yiuf burns you.
You hit Crazy Yiuf but do no damage.
Crazy Yiuf is almost dead.
You feel very sick.
Crazy Yiuf hits you with a +3 quarterstaff of chaos!
* * * LOW HITPOINT WARNING * * *
You feel very mighty all of a sudden.
You feel sick.
Crazy Yiuf hits you with a +3 quarterstaff of chaos!
* * * LOW HITPOINT WARNING * * *
You feel drained.
* * * LOW HITPOINT WARNING * * *
It was a potion of mutation.
You feel extremely strange.
You feel strong-willed.
You feel robust.
You die...

#.# #.##.##
###.##########
#.##..####
#............#
#.###....#
###.##'######### ###
####.## ..<.....#
#..# .#......# ##.#
.#....<.# ###
♣♣###.# ###.######
#)..#♣♣ ♣♣..#..#
.....#...#
#...g@♣♣♣♣......#
#.####.###
#...#♣..♣......##
#.# #.# ###
♣♣♣.♣...### #'####.#
♣♣♣♣♣## ....##.#
....##.#############
....##.##....##....#
.......##....##.####
#..##...'...[##.#


You could see Crazy Yiuf.

Vanquished Creatures
  Pikel (D:5)
  Sigmund (D:2)
  A howler monkey (D:5)
  An iguana (D:4)
  3 adders
  A worm (D:3)
  An orc (D:4)
  5 endoplasms
  A giant cockroach (D:1)
  5 goblins
  6 hobgoblins
  3 jackals (D:3)
  2 quokkas
  6 ball pythons
  8 bats
  7 frilled lizards
  4 kobolds
  7 rats
63 creatures vanquished.

Notes
Turn   | Place    | Note
-------+----------+-------------------------------------------
     0 | D:1      | CowFu the Demonspawn Fighter began the quest for the Orb.
     0 | D:1      | Reached XP level 1. HP: 18/18 MP: 1/1
   168 | D:1      | Gained mutation: Your movements are slightly less
                  | encumbered by armour. (ER -2) [demonic ancestry]
   168 | D:1      | Reached XP level 2. HP: 24/24 MP: 2/2
   198 | D:1      | Found a faded altar of an unknown god.
   224 | D:1      | Prayed at the altar of an unknown god.
   224 | D:1      | Became a worshipper of Dithmenos the Shadowed
   224 | D:1      | Reached * piety under Dithmenos
  1121 | D:2      | Reached skill level 1 in Invocations
  1121 | D:2      | Gained mutation: Your movements are less encumbered by
                  | armour. (ER -4) [demonic ancestry]
  1121 | D:2      | Reached XP level 3. HP: 29/29 MP: 3/3
  1172 | D:2      | Noticed Sigmund
  1388 | D:3      | Reached skill level 1 in Dodging
  1847 | D:3      | Reached ** piety under Dithmenos
  2283 | D:4      | Found an iron altar of Okawaru.
  2289 | D:4      | Found an ornate altar of the Wu Jian Council.
  2354 | D:4      | Gained mutation: Your touch may inflict minor irresistible
                  | damage on your foes. [demonic ancestry]
  2354 | D:4      | Reached XP level 4. HP: 22/35 MP: 5/5
  2724 | D:4      | You fall into a shaft and drop 1 floor!
  2724 | D:5      | Entered Level 5 of the Dungeon
  2790 | D:5      | Noticed Pikel
  2792 | D:5      | Reached XP level 5. HP: 41/41 MP: 6/6
  2795 | D:5      | Noticed a lemure
  2796 | D:5      | Noticed a lemure
  2797 | D:5      | Noticed a lemure
  2812 | D:5      | Noticed a lemure
  2824 | D:5      | Killed Pikel
  2825 | D:5      | Reached XP level 6. HP: 6/48 MP: 6/9
  2825 | D:5      | Reached XP level 7. HP: 6/54 MP: 6/10
  3217 | D:2      | Killed Sigmund
  3502 | D:2      | Found a runed translucent door.
  3503 | D:2      | Noticed Crazy Yiuf
  3694 | D:2      | HP: 2/52 [Crazy Yiuf/+3 quarterstaff of chaos (1)]
  3695 | D:2      | Gained mutation: You are strong-willed. (Will+) [potion of
                  | mutation]
  3695 | D:2      | Gained mutation: You are robust. (+10% HP) [potion of
                  | mutation]
  3695 | D:2      | Succumbed to Crazy Yiuf's poison

Illustrated notes

Levels and vault maps discovered:
D:1:      mrwooster_arrival_statue, layout_basic,
          hellmonk_ecumenical_altar_arch_garden, minivault_24
D:2:      layout_basic, basic_altar, uniq_crazy_yiuf_cottage, uniq_sigmund
D:3:      layout_loops_corners, eino_tiny_chamber
D:4:      layout_basic, mainiacjoe_overflow_small_starburst, okawaru_trees_1,
          serial_glass, glass_columns_c, glass_columns_c, feat_on_display,
          minmay_strange_pillars, item_on_display_a
D:5:      layout_rooms, uniq_pikel

Skill      XL: |  1  2  3  4  5  6  7 |
---------------+----------------------+-----
Long Blades    | 2 3 4 |  4.0
Invocations    | 1 2 4 |  4.0
Armour         | 3 4 |  4.2
Shields        | 3 |  3.2
Dodging        | 1 2 3 |  3.2
Fighting       | 4 |  4.2

Action                     |  1- 3 |  4- 6 |  7- 9 || total
---------------------------+-------+-------+-------++-------
  Melee: Long sword        |   201 |    33 |    17 ||   251
         Touch             |       |     3 |     2 ||     5
    Use: Potion            |       |     1 |     2 ||     3
 Armour: Scale mail        |   123 |    14 |     4 ||   141
  Dodge: Dodged            |   146 |    28 |     9 ||   183
  Block: Buckler           |    51 |       |       ||    51

Table legend: (Time is in decaauts)
 A = Elapsed time spent in this place.
 B = Non-inter-level travel time spent in this place.
 C = Inter-level travel time spent in this place.
 D = Time resting spent in this place.
 E = Time spent auto-exploring this place.
 F = Levels seen in this place.
 G = Mean time per level.
                   A        B        C        D        E       F      G
               +--------+--------+--------+--------+--------+-----+--------+
         Total |   3777 |   3616 |    161 |      0 |   2880 |   5 |  755.4 |
       Dungeon |   3777 |   3616 |    161 |      0 |   2880 |   5 |  755.4 |
               +--------+--------+--------+--------+--------+-----+--------+

Top non-repeatable levels by time:
     D:3: 952 daAuts
     D:1: 950 daAuts
     D:2: 873 daAuts
     D:4: 836 daAuts
     D:5: 164 daAuts
